 Dungeon Crawl Stone Soup version 0.32-a0-893-gf85d74f360 (webtiles) character file.

Game seed: 16211137722337261663

87576 cordlesssteve the Warrior (level 15, -19/103 HPs)
             Began as a Gargoyle Fighter on Apr 3, 2024.
             Was a Follower of Ru.
             Killed from afar by an oklob plant (27 damage)
             ... with a splash of acid
             ... on level 4 of the Lair of Beasts.
             The game lasted 00:46:30 (18747 turns).

cordlesssteve the Warrior (Gargoyle Fighter)       Turns: 18747, Time: 00:46:34

Health: -19/103    AC: 14    Str: 26    XL:     15   Next: 91%
Magic:  15/15      EV: 17    Int: 10    God:    Ru [*.....]
Gold:   621        SH: 17    Dex: 18    Spells: 14/14 levels left

rFire   . . .        H - +6 shillelagh "Devastator" {shatter}
rCold   x . .        S - +4 kite shield
rNeg    + . .        T - +2 scale mail of the Eagle {*Corrode rPois Will+++ Slay+5}
rPois   ∞            I - +2 helmet
rElec   +            P - +0 cloak
rCorr   .            Q - +0 pair of gloves
SInv    +            (no boots)
Will    ++++.        r - amulet of regeneration Stlth
                     R - ring "Inibophi" {+Blink rC- Str+6 Dex+3 SInv}
HPRegen 1.17/turn    e - +5 ring of evasion
MPRegen 0.14/turn

%: corrode self (3%)
@: corroded, flying
A: sickness immunity, AC +11, big wings, negative energy resistance 1, screaming
1, electricity resistance, torment resistance 1, petrification resistance, no
air magic, no alchemy magic, no summoning magic
a: Renounce Religion, Evoke Blink, Sacrifice Drink, Sacrifice Resistance,
Sacrifice a Hand, Reject Sacrifices


You were on level 4 of the Lair of Beasts.
You worshipped Ru.
Ru was aware of your devotion.
You visited 2 branches of the dungeon, and saw 19 of its levels.
You also visited: Bailey and Gauntlet.

You collected 1296 gold pieces.
You spent 675 gold pieces at shops.

Inventory:

Hand Weapons
 o - the +1 war axe "Puutsuboro" {heavy, rPois rF+ Will+}
   (You found it on level 1 of the Lair of Beasts)

   rF+:       It protects you from fire.
   rPois:     It protects you from poison.
   Will+:     It increases your willpower.
 H - the +6 shillelagh "Devastator" (weapon) {shatter}
   (You found it on level 4 of the Dungeon)
 V - the +8 mace of Massacring {venom, rElec rPois rF+ Int+3}
   (You found it in a Gauntlet)

   Int+3:     It affects your intelligence (+3).
   rF+:       It protects you from fire.
   rElec:     It insulates you from electricity.
   rPois:     It protects you from poison.
Missiles
 N - a throwing net
Armour
 D - a +2 scale mail of poison resistance
 I - a +2 helmet (worn)
 P - a +0 cloak (worn)
 Q - a +0 pair of gloves (worn)
 S - a +4 kite shield (worn)
 T - the +2 scale mail of the Eagle (worn) {*Corrode rPois Will+++ Slay+5}
   (You found it in a Gauntlet)

   Slay+5:    It affects your accuracy & damage with ranged weapons and melee
   (+5).
   rPois:     It protects you from poison.
   Will+++:   It greatly increases your willpower.
   *Corrode:  It may corrode you when you take damage.
Jewellery
 c - a ring of protection from fire
 e - a +5 ring of evasion (right hand)
 r - an amulet of regeneration (around neck)
 y - a ring of protection from cold
 B - a ring of see invisible
 R - the ring "Inibophi" (left hand) {+Blink rC- Str+6 Dex+3 SInv}
   (You took it off a minotaur in a Gauntlet)

   [ring of strength]

   Str+6:     It affects your strength (+6).
   Dex+3:     It affects your dexterity (+3).
   rC-:       It makes you vulnerable to cold.
   SInv:      It lets you see invisible.
   +Blink:    It lets you blink.
 W - a +4 ring of protection
Wands
 k - a wand of quicksilver (13)
 p - a wand of polymorph (6)
 q - a wand of flame (41)
 t - a wand of mindburst (5)
 v - a wand of iceblast (13) (quivered)
 G - a wand of charming (13)
Scrolls
 f - 7 scrolls of teleportation
 i - 4 scrolls of fear
 j - 4 scrolls of noise
 l - 7 scrolls of fog
 m - 2 scrolls of poison
 s - 4 scrolls of identify
 u - 4 scrolls of silence
 K - 3 scrolls of immolation
 L - 2 scrolls of vulnerability
 X - 3 scrolls of revelation
 Z - 2 scrolls of blinking
Potions
 a - 2 potions of degeneration {unknown}
 b - 7 potions of invisibility
 d - 3 potions of might
 g - 7 potions of curing
 h - 6 potions of attraction
 n - a potion of ambrosia {unknown}
 w - 4 potions of brilliance
 x - 5 potions of enlightenment
 z - 2 potions of lignification {unknown}
 A - 3 potions of magic {unknown}
 E - 5 potions of heal wounds
 J - 3 potions of mutation
 M - 3 potions of haste {unknown}
 O - 2 potions of resistance {unknown}
Miscellaneous
 C - a phantom mirror
 U - a lightning rod (4/4)
 Y - a Gell's gravitambourine (2/2)


   Skills:
 * Level 15.1 Fighting
 * Level 13.8 Maces & Flails
 * Level 14.5 Armour
 + Level 6.8 Dodging
 + Level 12.7 Shields
 + Level 7.2 Evocations


You had 14 spell levels left.
You didn't know any spells.
Your spell library contained the following spells:

 Spells                   Type           Power      Damage    Failure   Level
 Apportation              Tloc           0%         N/A       71%         1
 Foxfire                  Conj/Fire      0%         2x1d4     71%         1
 Slow                     Hex            0%         N/A       71%         1
 Jinxbite                 Hex            0%         N/A       85%         2
 Lesser Beckoning         Tloc           0%         N/A       85%         2
 Momentum Strike          Conj/Tloc      0%         3d8       85%         2
 Confusing Touch          Hex            0%         N/A       97%         3
 Maxwell's Portable Pile  Tloc           0%         2d(5-13)  97%         3
 Sigil of Binding         Hex            0%         N/A       97%         3
 Stone Arrow              Conj/Erth      0%         3d7       97%         3
 Teleport Other           Tloc           0%         N/A       97%         3
 Tukima's Dance           Hex            0%         N/A       97%         3
 Vampiric Draining        Necr           0%         2d6       97%         3
 Dimensional Bullseye     Hex/Tloc       0%         N/A       100%        4
 Iskenderun's Mystic Bla Conj/Tloc 0%             2d3        (+2d1     100%        4
 Iskenderun's Battlesphe  Conj           0%         2d6       100%        5
 Bombard                  Conj/Erth      0%         9d1       100%        6
 Death Channel            Necr           0%         N/A       100%        6
 Starburst                Conj/Fire      0%         6d3       100%        6
 Lehudib's Crystal Spear  Conj/Erth      0%         10d2      100%        8
 Fire Storm               Conj/Fire      0%         5d1       100%        9
 Summon Small Mammal      Summ           Unusable   N/A       N/A         1
 Call Canine Familiar     Summ           Unusable   N/A       N/A         3
 Animate Armour           Summ/Erth      Unusable   N/A       N/A         4
 Summon Blazeheart Golem  Fire/Summ      Unusable   N/A       N/A         4
 Alistair's Intoxication  Alch           Unusable   N/A       N/A         5
 Summon Forest            Summ/Tloc      Unusable   N/A       N/A         5
 Summon Mana Viper        Hex/Summ       Unusable   N/A       N/A         5
 Conjure Ball Lightning   Conj/Air       Unusable   3x3d6     N/A         6
 Plasma Beam              Fire/Air       Unusable   2x1d10    N/A         6
 Sculpt Simulacrum        Ice/Alch       Unusable   N/A       N/A         6
 Summon Cactus Giant      Summ           Unusable   N/A       N/A         6
 Spellforged Servitor     Conj/Summ      Unusable   N/A       N/A         7

Dungeon Overview and Level Annotations

Branches:
Dungeon (15/15)            Temple (0/1) D:4            Lair (4/5) D:9
  Swamp (0/4) Lair:2        Snake (0/4) Lair:2        Slime (0/5) Lair:4
    Orc (0/2) D:12         Vaults (0/5) D:14         Depths (0/4) D:15
 Bailey (visited)         Gauntlet (visited)

Altars:
Cheibriados
Fedhas
Hepliaklqana
Nemelex Xobeh
Okawaru
Ru
Uskayaw
Wu Jian
Xom
Yredelemnul
Beogh
Jiyva

Shops:
D:3 *   D:4 [   D:7 [   D:10 *   D:13 ?

Annotations:
Lair:4 exclusion: 3 oklob plants


Innate Abilities, Weirdness & Mutations

You are immune to sickness and miasma.
Your stone body is resilient. (AC +11)
You are immune to poison.
Your large and strong wings let you fly.
You resist negative energy. (rN+)
You occasionally shout uncontrollably at your foes.
You are resistant to electric shocks. (rElec)
You are resistant to unholy torment.
You are immune to petrification.
You cannot study or cast Air magic.
You cannot study or cast Alchemy magic.
You cannot study or cast Summoning magic.


Message History

You see here a polar bear corpse.
The oklob plant spits acid at you. The splash of acid hits you!!
Your corrosive artefact corrodes you!
You bludgeon the oklob plant!!
The oklob plants shudder.
The oklob plant is almost destroyed.
The oklob plant is moderately damaged.
The oklob plant is heavily damaged.
The oklob plant is almost destroyed.
You sock the oklob plant!
The oklob plants shudder.
The oklob plant is heavily damaged. x2
You destroy the oklob plant!
The oklob plant spits acid at you. The splash of acid hits you!!
The acid corrodes you! The oklob plant spits acid at you.
The splash of acid hits you but does no damage.
The acid corrodes you!
You sock the oklob plant!
The oklob plants shudder.
The oklob plant is severely damaged.
The oklob plant is moderately damaged.
The oklob plant is severely damaged.
The oklob plant spits acid at you. The splash of acid hits you!!
* * * LOW HITPOINT WARNING * * *
You hit the oklob plant.
The oklob plants shudder.
You destroy the oklob plant!
The oklob plant is moderately damaged.
The oklob plant spits acid at you. The splash of acid hits you!!
* * * LOW HITPOINT WARNING * * *
The acid corrodes you!
Okay, then.
You feel much better. The oklob plant spits acid at you.
The splash of acid hits you!
* * * LOW HITPOINT WARNING * * *
The acid corrodes you! The oklob plant spits acid at you.
The splash of acid hits you!!
You die...
Ru respects your ultimate sacrifice.

#........## ... ##†#
#.........#####... ##.#
#........ #.)... #P.#
##P.....P# #.... ##.#
#........###..# #P.#
##..PP.......## ##.#
#...P>_.....#.#
#####..#
#......†.....###..P#...
#.....@.#....##.<.##...
#.....^............#...
####...............#...
##................#.
#.................#
##.................
#.................
########....#[.#..
###....##.#


You could see 3 oklob plants.

Vanquished Creatures
  A very ugly thing (D:15)
  A minotaur (Gauntlet)
  4 vault guards (D:14)
  Erolcha (D:10)
  An ogre mage (D:15)
  4 hydras
  6 two-headed ogres
  3 boulder beetles
  Erica (D:11)
  2 tengu warriors (D:15)
  2 centaur warriors
  A death knight (D:15)
  A death scarab (Gauntlet)
  2 death yaks (Lair:4)
  Sonja (D:10)
  3 skysharks
  3 skeletal warriors (D:15)
  A glowing orange brain (D:15)
  A phantasmal warrior (D:15)
  2 deep elf pyromancers
  2 orc knights
  A lightning spire (Gauntlet)
  7 cyclopes
  18 ugly things
  Maurice (D:8)
  2 oklob plants (Lair:4)
  3 manticores
  A smoke demon (Gauntlet)
  11 elephants
  Joseph (D:7)
  9 cane toads
  2 gargoyles
  A torpor snail (Lair:3)
  An unseen horror (D:12)
  2 efreet
  A kobold demonologist (D:12)
  2 minotaur zombies (Gauntlet)
  7 komodo dragons
  2 ice devils (D:12)
  An unseen horror zombie (D:8)
  3 rime drakes
  3 tengu conjurers
  2 freezing wraiths (D:15)
  Psyche (D:7)
  A red devil (Gauntlet)
  3 polar bears
  3 trolls
  3 hornets
  5 tyrant leeches (Lair:2)
  13 blink frogs
  2 raiju (Gauntlet)
  4 dream sheep (Lair:3)
  A glass eye (shapeshifter) (D:15)
  A spectral black mamba (Gauntlet)
  2 slime creatures
  A centaur simulacrum (D:14)
  Sigmund (D:3)
  2 vampires (D:12)
  The ghost of DeathSocks the Trooper, an amateur MiFi (D:4)
  3 wraiths
  5 wyverns
  5 basilisks
  A warg (D:12)
  Grum (D:11)
  30 yaks
  A warg (shapeshifter) (D:14)
  2 steam dragons
  3 vampire mosquitoes
  A swamp worm (Lair:2)
  A naga (Lair:2)
  3 acid dragons
  10 water moccasins
  2 laughing skulls (D:13)
  3 orc warriors
  A sky beast (D:6)
  5 ogres
  14 wolves
  7 black bears
  5 centaurs
  A phantom (D:5)
  A kobold brigand (D:9)
  14 bullfrogs
  A wyvern zombie (D:8)
  A gnoll sergeant (D:9)
  6 scorpions
  8 wights (D:6)
  A hornet simulacrum (D:14)
  5 spriggan skeletons (D:12)
  A troll skeleton (D:12)
  7 howler monkeys
  3 crimson imps (Gauntlet)
  3 centaur zombies (D:8)
  A hound (D:7)
  2 jellies
  10 orc priests
  Ijyb (D:5)
  2 sleepcaps
  3 iguanas
  5 orc wizards
  10 hell rats
  2 killer bee zombies (D:8)
  A howler monkey zombie (D:8)
  19 gnolls
  5 river rats (Lair:3)
  2 adders
  A shadow imp (D:5)
  3 white imps
  A ribbon worm (D:4)
  8 dart slugs
  48 orcs
  2 bats (D:2)
  5 endoplasms
  3 giant cockroaches
  7 hobgoblins
  4 kobolds
  5 quokkas
  7 ball pythons
  2 frilled lizards (D:1)
  2 goblins
  5 rats
489 creatures vanquished.

Vanquished Creatures (others)
  An orc priest (D:12)
  2 orcs
3 creatures vanquished.

Grand Total: 492 creatures vanquished

Notes
Turn   | Place    | Note
-------+----------+-------------------------------------------
     0 | D:1      | cordlesssteve the Gargoyle Fighter began the quest for the
                  | Orb.
     0 | D:1      | Reached XP level 1. HP: 14/14 MP: 1/1
   455 | D:1      | Reached XP level 2. HP: 19/19 MP: 2/2
   840 | D:2      | Found a faded altar of an unknown god.
   868 | D:2      | Identified the +5 trident of Context {freeze, *Noise Int+2
                  | Dex+2}
   913 | D:2      | Reached XP level 3. HP: 23/23 MP: 3/3
   928 | D:2      | Prayed at the altar of an unknown god.
   928 | D:2      | Became a worshipper of Ru the Awakened
  1107 | D:2      | Gained mutation: You occasionally shout uncontrollably at
                  | your foes. [Ru sacrifice]
  1137 | D:2      | Reached XP level 4. HP: 27/29 MP: 4/4
  1354 | D:2      | Found an iron altar of Okawaru.
  1484 | D:3      | Reached skill level 4 in Fighting
  1525 | D:3      | Found Tedwif's General Store.
  1533 | D:3      | Bought a scroll of fear for 56 gold pieces
  1840 | D:3      | Found a snail-covered altar of Cheibriados.
  1856 | D:3      | Noticed Sigmund
  1860 | D:3      | Killed Sigmund
  1861 | D:3      | Reached XP level 5. HP: 34/34 MP: 5/5
  1861 | D:3      | Reached XP level 6. HP: 39/39 MP: 6/6
  2288 | D:4      | Reached skill level 5 in Fighting
  2288 | D:4      | Reached skill level 5 in Armour
  2288 | D:4      | Reached skill level 5 in Shields
  2288 | D:4      | Reached XP level 7. HP: 37/44 MP: 7/7
  2570 | D:4      | Found a runed translucent gate.
  2571 | D:4      | Found a runed translucent gate.
  2581 | D:4      | Noticed DeathSocks's ghost (amateur MiFi)
  2686 | D:4      | Found a runed translucent gate.
  2686 | D:4      | Identified the +6 sling of the Unliving {flame, rC+ Dex+6}
  3032 | D:4      | Found the +6 shillelagh "Devastator" {shatter}
  3087 | D:4      | Found a hazy altar of Hepliaklqana.
  3088 | D:4      | Found a shimmering altar of Xom.
  3089 | D:4      | Found a hide-covered altar of Uskayaw.
  3090 | D:4      | Found a sparkling altar of Nemelex Xobeh.
  3129 | D:4      | Found a staircase to the Ecumenical Temple.
  3193 | D:4      | Found a roughly hewn altar of Beogh.
  3283 | D:4      | Found Ralewo's Armour Emporium.
  3524 | D:5      | Entered Level 5 of the Dungeon
  3530 | D:5      | Noticed a wraith
  3542 | D:4      | Reached XP level 8. HP: 25/51 MP: 8/8
  3754 | D:4      | Killed a wraith
  3755 | D:4      | Reached skill level 6 in Fighting
  3847 | D:5      | Noticed a hornet
  3886 | D:4      | Killed a hornet
  3887 | D:4      | Reached skill level 5 in Maces & Flails
  4095 | D:5      | Found a blossoming altar of Fedhas.
  4096 | D:5      | Noticed Ijyb
  4122 | D:5      | Killed Ijyb
  4763 | D:4      | Bought the +0 chain mail of the Stone Wall {Regen+} for 126
                  | gold pieces
  4844 | D:6      | Reached XP level 9. HP: 46/56 MP: 9/9
  4847 | D:6      | Reached skill level 7 in Fighting
  5828 | D:4      | Killed DeathSocks's ghost
  5986 | D:7      | Found Lievvoxt's Armour Boutique.
  6649 | D:7      | Reached skill level 8 in Fighting
  7014 | D:8      | Noticed a hornet
  7025 | D:8      | Killed a hornet
  7061 | D:8      | Noticed Maurice
  7065 | D:8      | Noticed Psyche
  7072 | D:8      | Found a basalt altar of Yredelemnul.
  7101 | D:8      | Reached XP level 10. HP: 54/64 MP: 10/10
  7109 | D:8      | Found an ornate altar of the Wu Jian Council.
  7129 | D:8      | Found a flagged portal.
  7163 | Bailey   | Entered a bailey
  7292 | Bailey   | Noticed an orc knight
  7305 | Bailey   | Killed an orc knight
  7557 | D:8      | Maurice stole a ring of see invisible
  7571 | D:8      | Noticed Joseph
  7582 | D:7      | Killed Psyche
  7730 | D:7      | Killed Joseph
  7771 | D:8      | Something stole the +6 sling of the Unliving {flame, rC+
                  | Dex+6}
  7772 | D:8      | Something stole a throwing net
  7885 | D:8      | Killed Maurice
  7886 | D:8      | Reached skill level 9 in Fighting
  7924 | D:8      | Reached skill level 10 in Fighting
  7924 | D:8      | Reached skill level 10 in Armour
  7924 | D:8      | Reached skill level 10 in Shields
  7924 | D:8      | Reached XP level 11. HP: 69/73 MP: 11/11
  7925 | D:8      | Reached skill level 11 in Fighting
  7925 | D:8      | Reached skill level 10 in Maces & Flails
  7925 | D:8      | Reached XP level 12. HP: 77/80 MP: 12/12
  8443 | D:9      | Found a staircase to the Lair.
  9235 | D:10     | Entered Level 10 of the Dungeon
  9242 | D:10     | Noticed Sonja
  9250 | D:10     | Killed Sonja
  9276 | D:10     | Noticed a two-headed ogre
  9279 | D:10     | Killed a two-headed ogre
  9308 | D:10     | Reached XP level 13. HP: 84/85 MP: 13/13
  9439 | D:10     | Found Biabif's Assorted Antiques.
  9447 | D:10     | Bought a scroll of identify for 44 gold pieces
  9447 | D:10     | Bought a scroll of fog for 88 gold pieces
  9447 | D:10     | Bought a green potion for 19 gold pieces
  9479 | D:10     | Noticed Erolcha
  9484 | D:10     | Killed Erolcha
  9485 | D:10     | Reached skill level 12 in Fighting
 10399 | D:11     | Found a gate leading to a gauntlet.
 10399 | D:11     | Noticed Grum
 10423 | D:11     | Killed Grum
 10442 | Gauntlet | Entered a Gauntlet
 10442 | Gauntlet | Found a transporter.
 10460 | Gauntlet | Found a transporter.
 10475 | Gauntlet | Found a transporter.
 10477 | Gauntlet | Found a transporter.
 10507 | Gauntlet | Found a transporter.
 10523 | Gauntlet | Found a transporter.
 10531 | Gauntlet | Found a transporter.
 10583 | Gauntlet | Found a transporter.
 10585 | Gauntlet | Found a transporter.
 10587 | Gauntlet | Found a transporter.
 10589 | Gauntlet | Found a large runed translucent door.
 10589 | Gauntlet | Found a large runed translucent door.
 10590 | Gauntlet | Found a large runed translucent door.
 10590 | Gauntlet | Found a large runed translucent door.
 10635 | Gauntlet | Found a transporter.
 10643 | Gauntlet | Found a transporter.
 10661 | Gauntlet | Found a transporter.
 10673 | Gauntlet | Noticed an entropy weaver
 10681 | Gauntlet | Found a transporter.
 10693 | Gauntlet | Found a transporter.
 10701 | Gauntlet | Found a large runed translucent door.
 10701 | Gauntlet | Noticed a great orb of eyes
 10702 | Gauntlet | Found a large runed translucent door.
 10703 | Gauntlet | Found a large runed translucent door.
 10703 | Gauntlet | Found a large runed translucent door.
 10704 | Gauntlet | Found a runed translucent gate.
 10705 | Gauntlet | Found a transporter.
 10705 | Gauntlet | Found a runed translucent gate.
 10706 | Gauntlet | Found a runed translucent gate.
 10707 | Gauntlet | Found a large runed translucent door.
 10707 | Gauntlet | Found a large runed translucent door.
 10708 | Gauntlet | Found a large runed translucent door.
 10709 | Gauntlet | Found a large runed translucent door.
 10717 | Gauntlet | Found a transporter.
 10727 | Gauntlet | Found the +10 Black Knight's barding {ponderous, rPois rN+}
 10729 | Gauntlet | Found a transporter.
 11023 | Gauntlet | Identified the +2 scale mail of the Eagle {*Corrode rPois
                  | Will+++ Slay+5}
 11067 | Gauntlet | Found a large runed translucent door.
 11067 | Gauntlet | Found a large runed translucent door.
 11067 | Gauntlet | Found a runed translucent door.
 11067 | Gauntlet | Found a runed translucent door.
 11069 | Gauntlet | Found a large runed translucent door.
 11070 | Gauntlet | Found a large runed translucent door.
 11107 | Gauntlet | Got Vehumet's Thoughts on Outbursts
 11143 | Gauntlet | Identified the +8 mace of Massacring {venom, rElec rPois
                  | rF+ Int+3}
 11260 | Gauntlet | Identified the ring "Inibophi" {+Blink rC- Str+6 Dex+3
                  | SInv}
 11260 | Gauntlet | Noticed a minotaur
 11266 | Gauntlet | Killed a minotaur
 11394 | Gauntlet | Identified the +1 scale mail "Tofotem" {^Contam rElec Dex+2
                  | Stlth+}
 11770 | D:11     | Noticed Erica
 11776 | D:11     | Killed Erica
 11902 | D:12     | Reached skill level 5 in Evocations
 11968 | D:12     | Gained mutation: You cannot study or cast Air magic. [Ru
                  | sacrifice]
 11968 | D:12     | Gained mutation: You cannot study or cast Alchemy magic.
                  | [Ru sacrifice]
 11968 | D:12     | Gained mutation: You cannot study or cast Summoning magic.
                  | [Ru sacrifice]
 11968 | D:12     | Reached * piety under Ru
 11973 | D:12     | Found a staircase to the Orcish Mines.
 12354 | D:12     | You fall into a shaft and drop 3 floors!
 12354 | D:15     | Entered Level 15 of the Dungeon
 12436 | D:15     | Reached skill level 13 in Fighting
 12738 | D:12     | Reached skill level 5 in Dodging
 12941 | D:12     | Gained mutation: Your large and strong wings let you fly.
                  | [Gargoyle growth]
 12941 | D:12     | Reached XP level 14. HP: 58/94 MP: 14/14
 13177 | D:13     | Found Daqyotic's Magic Scroll Emporium.
 13188 | D:13     | Bought a scroll of identify for 24 gold pieces
 13188 | D:13     | Bought a scroll of revelation for 90 gold pieces
 13188 | D:13     | Bought a scroll of enchant armour for 90 gold pieces
 13188 | D:13     | Bought a scroll of brand weapon for 114 gold pieces
 13188 | D:13     | Bought a scroll of identify for 24 gold pieces
 13581 | D:14     | Found an iron altar of Okawaru.
 13624 | D:14     | Found a gate to the Vaults.
 14510 | D:15     | Reached skill level 14 in Fighting
 14570 | D:15     | Noticed a brown very ugly thing
 14580 | D:15     | Killed a brown very ugly thing
 15177 | D:15     | Reached XP level 15. HP: 100/100 MP: 15/15
 15285 | D:15     | Found a staircase to the Depths.
 15576 | Lair:1   | Entered Level 1 of the Lair of Beasts
 15692 | Lair:1   | Identified the +1 war axe "Puutsuboro" {heavy, rPois rF+
                  | Will+}
 16453 | Lair:2   | Found a staircase to the Swamp.
 16592 | Lair:2   | Found a staircase to the Snake Pit.
 18526 | Lair:4   | Reached skill level 15 in Fighting
 18727 | Lair:4   | Found a viscous altar of Jiyva.
 18730 | Lair:4   | Found a staircase to the Slime Pits.
 18747 | Lair:4   | Killed from afar by an oklob plant

Illustrated notes

Levels and vault maps discovered:
D:1:      spicycebolla_arrival_clurvy, layout_basic, dreamdust_mushroom_princess
D:2:      layout_loops_ring, basic_altar, hellmonk_ecumenical_altar_crossroads
D:3:      layout_basic, cheibriados_altar_1, serial_shops,
          nicolae_shop_advertising_works [nicolae_subvault_shop_adworks],
          nicolae_figureground_pulse, uniq_sigmund
D:4:      layout_loops_corners, chequers_temple_overflow_statue_of_worship,
          temple_doors_ab, biasface_ghost_orc_armoury, serial_shops,
          nicolae_shop_hallway_plus, dilly_guarded_unrand_devastator
D:5:      layout_basic, fedhas_altar_1, uniq_ijyb
D:6:      hellmonk_destroyed_diamonds, layout_cave_pods, minmay_misc_feat_iff
D:7:      layout_basic, serial_shops, shop
D:8:      layout_basic, nicolae_yredelemnul_corpse_copse, lemuel_crystal_altar,
          enter_bailey_6, uniq_maurice, uniq_joseph, uniq_psyche
D:9:      layout_basic, minmay_lair_entry_grove
D:10:     layout_stronghold, serial_shops, shop, serial_co_window_serial,
          co_window_cross_1, co_window_paths_a, co_window_paths_b,
          co_window_paths_a, co_window_paths_a, co_window_unsneaky_path_b,
          co_window_2corner, co_window_corner_ca, co_window_corner_cb,
          co_window_corner_cb, co_window_paths_e, glass_columns_b,
          glass_columns_a, glass_columns_c, glass_columns_a, glass_columns_a,
          uniq_sonja, uniq_erolcha
D:11:     layout_rooms, gauntlet_entry_generic, uniq_erica, uniq_grum
D:12:     kennysheep_spiral_hall, layout_rooms, orc_0_dummy,
          portal_ice_cave_demonic_guard, hangedman_tell_no_tales
D:13:     layout_small_grid, serial_shops, nicolae_shop_tiny_glass,
          hangedman_abyss_or_decor_jellyfish_corner, minmay_holes
D:14:     layout_rooms, lightli_vaults_fourway_checkpoint,
          okawaru_metal_pillars_1_2
D:15:     gammafunk_enter_depths_forms, layout_long_grid,
          serial_co_window_serial, co_window_paths_b, co_window_corner_a,
          co_window_of_opportunity_a, co_window_corner_a, co_window_corner_a,
          co_window_broadway_a, co_window_2corner, co_window_2corner,
          co_window_sun, chequers_decorated_corner
Lair:1:   layout_loops_ring, beast_lair_carwin_4
Lair:2:   layout_layer_cave, minmay_swamp_entry_worms,
          guppyfry_snake_entry_island, grunt_megastairs_5, lemuel_fruit_tree
Lair:3:   layout_regular_city, kennysheep_abandoned_house
Lair:4:   layout_cave_shapes, minmay_slime_entry_oklob_open,
          minmay_shattered_shrine

Skill      XL: |  1  2  3  4  5  6  7  8  9 10 11 12 13 14 15 |
---------------+----------------------------------------------+-----
Fighting       | 4 5 6 8 10 11 13 14 15 | 15.1
Shields        | 4 5 6 8 10 11 12 | 12.7
Armour         | 4 5 7 8 10 11 12 13 14 | 14.5
Maces & Flails | 3 4 5 7 9 10 11 12 13 | 13.8
Dodging        | 3 5 6 |  6.8
Evocations     | 3 4 5 6 7 |  7.2

Action                     |  1- 3 |  4- 6 |  7- 9 | 10-12 | 13-15 || total
---------------------------+-------+-------+-------+-------+-------++-------
  Melee: Flail             |    61 |       |       |       |       ||    61
         Trident           |    19 |    59 |   258 |       |       ||   336
         Shillelagh        |       |       |    54 |   190 |   777 ||  1021
 Invoke: Sacrifice Purity  |     1 |       |       |       |       ||     1
         Sacrifice Arcana  |       |       |       |       |     1 ||     1
         Reject Sacrifices |       |       |       |       |     1 ||     1
Ability: Evoke Blink       |       |       |       |       |     2 ||     2
  Evoke: Wand              |       |       |       |    11 |       ||    11
    Use: Scroll            |       |       |     8 |       |    16 ||    24
         Potion            |       |       |       |     3 |     4 ||     7
   Stab: Distracted        |       |       |       |       |     2 ||     2
 Armour: Scale mail        |    77 |    31 |   143 |       |   233 ||   484
         Chain mail        |       |       |   108 |   131 |    34 ||   273
  Dodge: Dodged            |    34 |    13 |   193 |   127 |   292 ||   659
  Block: Buckler           |    21 |    12 |    86 |    53 |       ||   172
         Kite shield       |       |       |       |    17 |   417 ||   434

Table legend: (Time is in decaauts)
 A = Elapsed time spent in this place.
 B = Non-inter-level travel time spent in this place.
 C = Inter-level travel time spent in this place.
 D = Time resting spent in this place.
 E = Time spent auto-exploring this place.
 F = Levels seen in this place.
 G = Mean time per level.
                   A        B        C        D        E       F      G
               +--------+--------+--------+--------+--------+-----+--------+
         Total |  18706 |  17264 |   1442 |   1465 |  11893 |  21 |  890.8 |
       Dungeon |  14372 |  13019 |   1353 |   1266 |   9212 |  15 |  958.1 |
          Lair |   3081 |   2992 |     89 |      0 |   2527 |   4 |  770.2 |
        Bailey |    304 |    304 |      0 |     38 |    154 |   1 |  304.0 |
      Gauntlet |    948 |    948 |      0 |    161 |      0 |   1 |  948.0 |
               +--------+--------+--------+--------+--------+-----+--------+

Top non-repeatable levels by time:
     D:4: 2282 daAuts
    D:15: 1527 daAuts
  Lair:2: 1357 daAuts
     D:7: 1268 daAuts
    D:10: 1062 daAuts
Gauntlet: 948 daAuts
     D:6: 917 daAuts
    D:12: 907 daAuts
     D:9: 879 daAuts
     D:8: 859 daAuts
     D:5: 800 daAuts
     D:2: 783 daAuts
  Lair:3: 750 daAuts
     D:1: 726 daAuts
  Lair:1: 708 daAuts
